 Dungeon Crawl Stone Soup version 0.32-a0-886-g41c5271027 (webtiles) character file.

Game seed: 15556330168988795747

3099 garrulousMonolith the Ruffian (level 9, -1/74 (88) HPs)
             Began as a Troll Fighter on Apr 2, 2024.
             Was a Believer of Beogh.
             Slain by a wight
             ... wielding a +2 halberd
              (7 damage)
             ... on level 8 of the Dungeon on Apr 3, 2024.
             The game lasted 00:07:25 (6287 turns).

garrulousMonolith the Ruffian (Troll Fighter)       Turns: 6287, Time: 00:07:25

HP:   -1/74 (88)    AC:  4    Str: 32    XL:     9   Next: 59%
MP:   11/11         EV:  9    Int:  6    God:    Beogh [**....]
Gold: 284           SH:  8    Dex: 11    Spells: 8/8 levels left

rFire   . .          .
                       - Unarmed
rCold   . . .        b - +0 kite shield
rNeg    . . .        a - +0 robe
rPois   .            (helmet restricted)
rElec   .            I - scarf {+Inv}
rCorr   .            (gloves unavailable)
SInv    .            (boots unavailable)
Will    +....        (no amulet)
Stlth   +            l - +6 ring of strength
HPRegen 1.12/turn    z - ring of willpower
MPRegen 0.12/turn

%: no passive effects
@: heavily drained
A: large, unfitting armour, claws 3, regeneration 1, shaggy fur 1, tough skin 1
a: Renounce Religion, Evoke Invisibility, Smiting


You were on level 8 of the Dungeon.
You worshipped Beogh.
Beogh was pleased with you.
You visited 1 branch of the dungeon, and saw 8 of its levels.

You collected 284 gold pieces.

Inventory:

Hand Weapons
 k - the +7 mace "Bet Vuul" {venom, rPois}
   (You took it off an orc on level 3 of the Dungeon)

   rPois:     It protects you from poison.
 m - a +1 vampiric giant club
Armour
 a - a +0 robe (worn)
 b - a +0 kite shield (worn)
 I - a scarf of invisibility (worn)
Jewellery
 l - a +6 ring of strength (left claw)
 t - a ring of wizardry
 z - a ring of willpower (right claw)
 C - a +6 ring of intelligence
 G - a ring of protection from cold
 J - an amulet of guardian spirit
Wands
 i - a wand of flame (50)
 v - a wand of polymorph (9)
 A - a wand of quicksilver (5)
 F - a wand of mindburst (27)
Scrolls
 d - a scroll of brand weapon
 o - a scroll of fear
 q - 4 scrolls of summoning
Potions
 c - 2 potions of might
 e - a potion of lignification
 f - 2 potions of curing
 g - 3 potions of attraction
 j - 5 potions of haste
 n - a potion of berserk rage
 s - 2 potions of resistance
 u - 2 potions of ambrosia
 B - a potion of magic {unknown}
 D - a potion of degeneration {unknown}
 H - a potion of enlightenment {unknown}
 K - a potion of cancellation {unknown}


   Skills:
 + Level 5.0 Fighting
 + Level 4.1 Armour
 + Level 4.8 Dodging
 + Level 5.2 Shields
 * Level 7.3 Unarmed Combat
 + Level 4.4 Invocations


You had 8 spell levels left.
You didn't know any spells.
Your spell library contained the following spells:

 Spells                   Type           Power      Damage    Failure   Level
 Apportation              Tloc           0%         N/A       65%         1
 Summon Small Mammal      Summ           0%         N/A       65%         1
 Jinxbite                 Hex            0%         N/A       78%         2
 Passage of Golubria      Tloc           0%         N/A       100%        4
 Alistair's Intoxication  Alch           0%         N/A       100%        5
 Borgnjor's Vile Clutch   Necr/Erth      0%         N/A       100%        5
 Silence                  Hex/Air        0%         N/A       100%        5
 Eringya's Noxious Bog    Alch           0%         4d6       100%        6
 Lehudib's Crystal Spear  Conj/Erth      0%         10d2      100%        8


Dungeon Overview and Level Annotations

Branches:
Dungeon (8/15)             Temple (0/1) D:6
   Lair: D:8-11

Altars:
Elyvilon
Nemelex Xobeh
Qazlal
Ru
Sif Muna
Vehumet
Zin
Beogh

Shops:
D:3 (


Innate Abilities, Weirdness & Mutations

Your facial features look somewhat orcish.
You are too large for most types of armour.
You have claws for hands.
Your natural rate of healing is unusually fast.
You are covered in fur. (AC +1)
You have tough skin. (AC +1)


Message History

You are too injured to fight recklessly!
You are too injured to fight recklessly!
You are too injured to fight recklessly!
You are too injured to fight recklessly!
You are too injured to fight recklessly!
You are too injured to fight recklessly!
You are too injured to fight recklessly!
You claw the wight!
The wight is heavily damaged.
The wight hits you with a +2 halberd!!
You feel drained.
The wight hits you with a +3 hand axe of freezing.
The wight freezes you. You block the wight's attack.
You claw the wight!
You destroy the wight!
Beogh accepts your kill. The wight barely misses you.
You scratch the wight.
The wight is moderately damaged.
The wight closely misses you. The wight hits you with a +2 halberd.
You feel drained.
The wight hits you from afar with a +0 halberd!
* * * LOW HITPOINT WARNING * * *
You feel drained.
The wight hits you from afar with a +2 halberd.
* * * LOW HITPOINT WARNING * * *
You feel drained. The wight attacks as it pursues you!
The wight barely misses you.
Aiming: Quicksilver Bolt
Press: ? - help, Shift-Dir - straight line, f - wight
Aim: a wight, wielding a +0 halberd and wearing a +0 robe (lightly damaged, 71% to hit)
The bolt of dispelling energy hits the wight!
The wight is almost destroyed.
The bolt of dispelling energy hits the wight!
The wight is almost destroyed.
The wight hits you with a +2 flail!
* * * LOW HITPOINT WARNING * * *
You feel drained.
* * * LOW HITPOINT WARNING * * *
The wight hits you from afar with a +2 halberd!
You die...

#####....##.#...,,* *,*
#####.##.##.#...,,* *,*
#####.##.##.#...,,* *,*
#####.......#.!.,,* *,*
########.######.*****,**
#####...<######.,,,,,,,,
#####.##########******,*
####...#########******,*
###.###@#####...,,,,**,*
##.#####zz....##***,**,*
*********#.#######z###.#.,,,,,,,*
*,,,,,,,...#######.)##z#.,,,,,,,,
,,_,,**$...#######..).z..^**,****
*,,,,**.#*,,** **,####.*,***,*
**,,,**,**,*,***,,****,..,,,,*
******,,,,,,,,,*,,,,,,*.*****
*,****,,*********,,,*


You could see 3 wights.

Vanquished Creatures
  Grinder (D:3)
  The ghost of rbyellow5 the Trooper, an amateur OnWr (D:3)
  2 wyverns (D:7)
  A steam dragon (D:7)
  2 ice beasts
  A sky beast (D:7)
  A black bear (D:7)
  An ogre (D:4)
  A centaur (D:7)
  A phantom (D:5)
  A kobold brigand (D:4)
  3 bullfrogs
  3 scorpions
  7 wights
  A howler monkey (D:6)
  3 jellies
  5 hounds
  4 orc priests
  A sleepcap (D:7)
  Terence (D:3)
  Natasha (D:2)
  4 iguanas
  5 orc wizards
  9 adders
  A shadow imp (D:6)
  2 ribbon worms
  4 dart slugs
  18 orcs
  6 endoplasms
  5 giant cockroaches
  4 goblins
  11 hobgoblins
  7 kobolds
  4 quokkas
  7 ball pythons
  4 bats (D:1)
  2 frilled lizards
  6 rats
141 creatures vanquished.

Vanquished Creatures (others)
  An orc wizard (D:5)
  4 orcs
5 creatures vanquished.

Grand Total: 146 creatures vanquished

Notes
Turn   | Place    | Note
-------+----------+-------------------------------------------
     0 | D:1      | garrulousMonolith the Troll Fighter began the quest for the
                  | Orb.
     0 | D:1      | Reached XP level 1. HP: 22/22 MP: 0/0
   175 | D:1      | Reached XP level 2. HP: 25/29 MP: 1/1
   654 | D:2      | Reached XP level 3. HP: 34/36 MP: 2/2
   782 | D:2      | Found a faded altar of an unknown god.
   789 | D:2      | Got Plato's Codex of Convocation
  1014 | D:2      | Reached skill level 1 in Invocations
  1014 | D:2      | Reached XP level 4. HP: 39/44 MP: 3/3
  1110 | D:2      | Noticed Natasha
  1117 | D:2      | Killed Natasha
  1118 | D:2      | Reached skill level 3 in Unarmed Combat
  1123 | D:2      | Reached skill level 1 in Armour
  1399 | D:3      | Noticed Terence
  1409 | D:3      | Killed Terence
  1410 | D:3      | Reached XP level 5. HP: 33/52 MP: 4/4
  1415 | D:3      | Found a radiant altar of Vehumet.
  1466 | D:3      | Noticed Grinder
  1488 | D:3      | Paralysed by Grinder for 2 turns
  1493 | D:3      | Killed Grinder
  1494 | D:3      | Reached skill level 4 in Unarmed Combat
  1494 | D:3      | Reached XP level 6. HP: 43/61 MP: 6/6
  1636 | D:3      | Found Visiptao's Antique Weapon Boutique.
  1845 | D:3      | Found a runed translucent gate.
  1845 | D:3      | Found a runed translucent gate.
  1845 | D:3      | Found a runed translucent gate.
  1846 | D:3      | Identified the +7 mace "Bet Vuul" {venom, rPois}
  1847 | D:3      | Noticed rbyellow5's ghost (amateur OnWr)
  2264 | D:3      | Found a roughly hewn altar of Beogh.
  2348 | D:3      | Killed rbyellow5's ghost
  2349 | D:3      | Reached XP level 7. HP: 67/67 MP: 7/7
  2359 | D:3      | Became a worshipper of Beogh the Shepherd
  2482 | D:4      | Found a sacrificial altar of Ru.
  2653 | D:4      | Found a white marble altar of Elyvilon.
  2720 | D:4      | Reached skill level 5 in Unarmed Combat
  3268 | D:5      | Entered Level 5 of the Dungeon
  3316 | D:5      | Reached XP level 8. HP: 78/78 MP: 9/9
  3663 | D:5      | Found a shimmering blue altar of Sif Muna.
  3746 | D:5      | Reached * piety under Beogh
  4258 | D:6      | Found a sparkling altar of Nemelex Xobeh.
  4284 | D:6      | Found a glowing silver altar of Zin.
  4396 | D:6      | Reached skill level 6 in Unarmed Combat
  4526 | D:6      | Found a staircase to the Ecumenical Temple.
  5421 | D:7      | Reached XP level 9. HP: 51/85 MP: 10/10
  5626 | D:7      | Found a stormy altar of Qazlal.
  5683 | D:7      | Reached skill level 5 in Shields
  5995 | D:7      | Reached skill level 7 in Unarmed Combat
  6013 | D:7      | Reached ** piety under Beogh
  6283 | D:8      | Reached skill level 5 in Fighting
  6287 | D:8      | Slain by a wight

Illustrated notes

Levels and vault maps discovered:
D:1:      matt_arrival_diagonals, layout_loops_ring
D:2:      layout_rooms, shapermc_ecumenical_altar_rom_forum, uniq_natasha
D:3:      layout_loops_corners, vehumet_altar_wand_db, serial_shops,
          nicolae_lakefront_shop, biasface_ghost_orc_armoury, uniq_terence,
          uniq_grinder
D:4:      cheibrodos_helix_gallery, layout_cave_pods,
          nicolae_ru_sacrificial_ziggurat, elyvilon_altar_5
D:5:      layout_loops_corners, mainiacjoe_overflow_24_doors,
          kennysheep_minor_cross
D:6:      layout_layer_cave, grunt_temple_overflow_open,
          minmay_temple_entry_antechambers
D:7:      layout_loops_ring, kennysheep_little_box, minmay_checkerbox
D:8:      layout_loops_cross, xom_butterflies, uniq_prince_ribbit1

Skill      XL: |  1  2  3  4  5  6  7  8  9 |
---------------+----------------------------+-----
Shields        | 3 4 5 |  5.2
Invocations    | 1 2 3 4 |  4.4
Unarmed Combat | 3 4 5 6 7 |  7.3
Armour         | 1 2 3 4 |  4.1
Fighting       | 3 4 5 |  5.0
Dodging        | 3 4 |  4.8

Action                     |  1- 3 |  4- 6 |  7- 9 || total
---------------------------+-------+-------+-------++-------
  Melee: Unarmed           |    97 |   102 |   239 ||   438
         Mace              |       |       |    13 ||    13
  Evoke: Wand              |       |       |     3 ||     3
    Use: Potion            |       |     1 |     3 ||     4
         Scroll            |       |       |    16 ||    16
   Stab: Sleeping          |     1 |       |       ||     1
 Armour: Robe              |    64 |    52 |   166 ||   282
  Dodge: Dodged            |    27 |    18 |    87 ||   132
  Block: Kite shield       |    27 |    28 |    93 ||   148

Table legend: (Time is in decaauts)
 A = Elapsed time spent in this place.
 B = Non-inter-level travel time spent in this place.
 C = Inter-level travel time spent in this place.
 D = Time resting spent in this place.
 E = Time spent auto-exploring this place.
 F = Levels seen in this place.
 G = Mean time per level.
                   A        B        C        D        E       F      G
               +--------+--------+--------+--------+--------+-----+--------+
         Total |   6304 |   5981 |    323 |    302 |   4639 |   8 |  788.0 |
       Dungeon |   6304 |   5981 |    323 |    302 |   4639 |   8 |  788.0 |
               +--------+--------+--------+--------+--------+-----+--------+

Top non-repeatable levels by time:
     D:3: 1234 daAuts
     D:6: 1171 daAuts
     D:5: 948 daAuts
     D:7: 870 daAuts
     D:4: 800 daAuts
     D:1: 651 daAuts
     D:2: 603 daAuts
     D:8: 24 daAuts
